AoeStats
← jphilkill

African Clearing

504962286Analyzed
4v4 RM · 26d ago on Sep 7, 2026· 55m 27s· 8 players
Game mode
Random Map
Map size
Large (8 player)
Population
200
Speed
Normal
Resources
Standard
Victory
Conquest
Starting age
Dark Age
Ending age
Imperial Age
RankedLock teamsTeams togetherTeam positionsShared explorationLock speedFull tech treeHidden civsTurbo modeCheats
Victory
Defeat
🇹🇷 Magyars · Türkiye
1100
+14
🇩🇪 Huns · Germany
1046
+16
🇷🇺 Mongols · Russia
1010
+18
🇹🇷 Huns · Türkiye
998
+18
1110
-20
🇮🇳 Mongols · India
1065
-17
🇮🇳 Poles · India
1015
-15
🇦🇺 Spanish · Australia
997
-14
jphilkill
4:07 Loom
16:08 Feudal Age
18:03 Wheelbarrow
17:15 Double-Bit Axe
21:21 Castle Age
20:08 Horse Collar
20:22 Stone Mining
21:25 Bloodlines
21:08 Gold Mining
22:58 Hand Cart
25:08 Gold Shaft Mining
29:02 Heavy Plow
30:12 Husbandry
30:16 Scale Mail Armor
32:02 Bow Saw
32:57 Scale Barding Armor
34:27 Forging
34:39 Chain Barding Armor
35:01 Ballistics
34:53 Squires
37:17 Marauders
36:52 Pikeman
40:41 Imperial Age
40:03 Iron Casting
40:41 Chain Mail Armor
40:17 Fletching
40:27 Padded Archer Armor
40:49 Elite Tarkan
40:54 Elite Skirmisher
41:41 Thumb Ring
40:57 Halberdier
42:59 Plate Barding Armor
43:24 Blast Furnace
43:30 Chemistry
43:24 Conscription
45:42 Two-Man Saw
46:38 Bodkin Arrow
46:59 Leather Archer Armor
46:41 Murder Holes
46:57 Masonry
50:00 Bracer
hknarsln
16:20 Feudal Age
18:20 Loom
22:17 Castle Age
20:32 Double-Bit Axe
21:05 Horse Collar
22:07 Wheelbarrow
25:56 Bow Saw
26:06 Fletching
26:17 Padded Archer Armor
28:01 Leather Archer Armor
29:00 Fishing Lines
29:49 Ballistics
30:10 Bloodlines
30:01 Husbandry
30:49 Thumb Ring
34:35 Gold Mining
34:35 Stone Mining
35:23 Bodkin Arrow
38:44 Imperial Age
36:57 Fervor
37:05 Hand Cart
38:41 Scale Barding Armor
39:27 Recurve Bow
39:32 Bracer
40:03 Ring Archer Armor
40:38 Chemistry
40:07 Parthian Tactics
40:11 Heavy Cavalry Archer
42:37 Two-Man Saw
42:37 Heavy Plow
43:37 Gold Shaft Mining
43:38 Siege Engineers
43:15 Treadmill Crane
43:46 Masonry
46:09 Conscription
45:51 Corvinian Army
45:11 Elite Magyar Huszar
54:06 Spies/Treason
Ray
3:56 Loom
14:15 Feudal Age
19:23 Town Watch
23:32 Forging
25:31 Castle Age
23:51 Bloodlines
25:49 Scale Barding Armor
28:24 Double-Bit Axe
29:51 Husbandry
31:36 Horse Collar
32:21 Double-Bit Axe
32:51 Fletching
33:23 Chain Barding Armor
37:04 Wheelbarrow
39:34 Bodkin Arrow
41:51 Bow Saw
42:12 Padded Archer Armor
43:31 Stone Mining
43:33 Gold Mining
45:29 Gold Shaft Mining
46:55 Leather Archer Armor
47:16 Iron Casting
49:06 Ballistics
48:57 Masonry
56:09 Imperial Age
R1D1
6:36 Loom
13:45 Feudal Age
18:25 Castle Age
18:16 Bloodlines
18:30 Bloodlines
20:04 Double-Bit Axe
21:30 Scale Barding Armor
24:18 Bow Saw
24:47 Wheelbarrow
25:55 Hand Cart
25:50 Horse Collar
29:54 Heavy Plow
33:16 Squires
36:25 Imperial Age
34:22 Town Watch
34:58 Chain Barding Armor
34:49 Forging
36:08 Husbandry
36:24 Padded Archer Armor
37:07 Iron Casting
37:43 Plate Barding Armor
38:10 Chemistry
37:30 Ballistics
37:22 Masonry
37:32 Gold Mining
37:33 Stone Mining
37:22 Cavalier
39:31 Blast Furnace
39:39 Two-Man Saw
39:04 Paladin
40:20 Leather Archer Armor
39:55 Fletching
40:18 Town Patrol
40:58 Murder Holes
41:49 Gold Shaft Mining
43:35 Conscription
42:45 Elite Tarkan
43:28 Marauders
45:44 Bodkin Arrow
49:51 Scale Mail Armor
49:51 Bracer
51:41 Chain Mail Armor
53:41 Parthian Tactics
53:22 Thumb Ring
52:38 Heavy Cavalry Archer
52:38 Elite Skirmisher
jbw6792
15:22 Feudal Age
14:01 Loom
15:50 Feudal Age
17:21 Double-Bit Axe
17:24 Horse Collar
19:57 Castle Age
18:54 Stone Mining
22:39 Wheelbarrow
29:59 Gold Mining
36:42 Imperial Age
35:00 Hand Cart
35:14 Bow Saw
35:09 Heavy Plow
35:28 Padded Archer Armor
35:34 Scale Barding Armor
35:51 Ballistics
37:33 Stone Shaft Mining
37:05 Elite Conquistador
38:08 Conscription
39:01 Two-Man Saw
38:58 Thumb Ring
40:00 Bloodlines
39:51 Husbandry
41:12 Chemistry
39:38 Cavalier
41:22 Leather Archer Armor
43:14 Ring Archer Armor
44:11 Chain Barding Armor
44:02 Forging
44:03 Paladin
46:54 Plate Barding Armor
47:05 Iron Casting
46:51 Caravan
50:24 Blast Furnace
*Lord*
10:40 Loom
20:30 Feudal Age
24:28 Castle Age
VedtheAssasin
10:04 Loom
13:48 Feudal Age
15:27 Wheelbarrow
14:39 Double-Bit Axe
18:46 Horse Collar
22:02 Fletching
23:42 Padded Archer Armor
32:58 Castle Age
32:53 Gold Mining
33:37 Bodkin Arrow
34:57 Leather Archer Armor
39:35 Hand Cart
43:14 Bloodlines
43:20 Husbandry
[doGs] Charlie the Flamingo.
5:16 Loom
16:12 Feudal Age
24:03 Castle Age
22:42 Double-Bit Axe
23:28 Town Watch
23:36 Stone Mining
24:09 Pikeman
25:28 Wheelbarrow
25:20 Bow Saw
26:14 Gold Mining
28:45 Gold Shaft Mining
30:03 Murder Holes
31:48 Ballistics
31:21 Fletching
32:03 Squires
33:12 Hand Cart
33:09 Masonry
38:46 Imperial Age
36:28 Fortified Wall
36:16 Bodkin Arrow
36:31 Forging
36:27 Scale Barding Armor
36:12 Arson
38:32 Town Patrol
38:50 Halberdier
40:56 Gambesons
41:18 Chivalry
42:47 Chemistry
42:18 Architecture
43:46 Siege Engineers
44:21 Iron Casting
43:47 Scale Mail Armor
44:07 Chain Barding Armor
43:55 Elite Skirmisher
48:14 Blast Furnace
47:30 Chain Mail Armor
47:37 Conscription
50:03 Hoardings
49:31 Husbandry
49:19 Cavalier
Connection lost

Rejoining the realm…

Still unreachable

The connection could not be restored.

Session expired

The server has moved on; the page needs a fresh start.